 Dungeon Crawl Stone Soup version 0.30-a0-883-g5ad918d77d (webtiles) character file.

Game seed: 4107576167043935288

54 FlurksSlurper the Insei (level 3, -2/27 HPs)
             Began as a Demonspawn Gladiator on Mar 16, 2023.
             Slain by a gnoll
             ... wielding a +0 halberd
              (10 damage)
             ... on level 2 of the Dungeon.
             The game lasted 00:05:07 (1648 turns).

FlurksSlurper the Insei (Demonspawn Gladiator)      Turns: 1648, Time: 00:05:07

Health: -2/27      AC: 11    Str: 14    XL:     3   Next: 66%
Magic:  3/3        EV:  7    Int:  9    God:
Gold:   145        SH:  0    Dex: 16    Spells: 2/2 levels left

rFire   . . .      SeeInvis .      - Unarmed
rCold   + . .      Faith    .    (no shield)
rNeg    . . .      Spirit   .    o - +2 chain mail {rC+}
rPois   .          Reflect  .    b - +0 helmet
rElec   .          Rampage  .    q - scarf {repulsion}
rCorr   .                        (no gloves)
Will    .....                    (no boots) Stlth
                                 (no amulet)
HPRegen 0.24/turn                (no ring)
MPRegen 0.16/turn                (no ring)

@: repel missiles
A: magic regeneration
a: no special abilities


You were on level 2 of the Dungeon.
You visited 1 branch of the dungeon, and saw 3 of its levels.

You collected 145 gold pieces.

Inventory:

Missiles
 c - 3 throwing nets (quivered)
 d - a javelin
Armour
 b - a +0 helmet (worn)
 o - a +2 chain mail of cold resistance (worn)
 q - a scarf of repulsion (worn)
Jewellery
 t - a +6 ring of strength
Scrolls
 a - 3 scrolls of enchant armour {unknown}
 f - 2 scrolls of teleportation {unknown}
 i - 3 scrolls of identify {unknown}
 k - 3 scrolls of noise {unknown}
 n - a scroll of vulnerability {unknown}
 p - 3 scrolls of fear
 u - a scroll of magic mapping {unknown}
Potions
 e - 2 potions of flight {unknown}
 g - a potion of curing {unknown}
 h - a potion of berserk rage {unknown}
 j - a potion of brilliance {unknown}
 l - a potion of cancellation {unknown}
 m - a potion of lignification {unknown}
 r - a potion of haste {unknown}
 s - a potion of degeneration {unknown}


   Skills:
 + Level 2.1 Fighting
 + Level 1.9 Throwing
 + Level 0.5 Armour
 + Level 3.3 Dodging
 + Level 3.4 Unarmed Combat


You had 2 spell levels left.
You didn't know any spells.
Your spell library contained the following spells:

 Spells                   Type           Power      Damage    Failure   Level
 Blink                    Tloc           0%         N/A       100%        2
 Manifold Assault         Tloc           0%         N/A       100%        4
 Storm Form               Tmut/Air       0%         N/A       100%        7


Dungeon Overview and Level Annotations

Branches:
Dungeon (3/15)

Altars:

Shops:
D:1 [


Innate Abilities, Weirdness & Mutations

You regenerate magic rapidly.


Message History

The gnoll barely misses you.
You climb upwards.
There is a stone staircase leading down here.
You hit the gnoll.
The gnoll is lightly wounded.
The gnoll hits you with a +0 halberd.
You barely miss the gnoll.
The gnoll is lightly wounded.
The gnoll hits you with a +0 halberd.
You closely miss the gnoll.
The gnoll is lightly wounded.
The gnoll hits you with a +0 halberd!
You hit the gnoll but do no damage.
The gnoll is lightly wounded.
The gnoll hits you with a +0 halberd.
You hit the gnoll.
The gnoll is moderately wounded.
The gnoll closely misses you.
You closely miss the gnoll.
The gnoll is moderately wounded.
The gnoll hits you but does no damage.
You hit the gnoll but do no damage.
The gnoll is moderately wounded.
The gnoll barely misses you.
You hit the gnoll.
The gnoll is heavily wounded.
The gnoll hits you with a +0 halberd!
* * * LOW HITPOINT WARNING * * *
You barely miss the gnoll.
The gnoll is heavily wounded.
The gnoll completely misses you.
You hit the gnoll.
The gnoll is heavily wounded.
The gnoll hits you but does no damage.
You barely miss the gnoll.
The gnoll is heavily wounded.
You hit the gnoll.
The gnoll is heavily wounded.
The gnoll hits you with a +0 halberd!
You die...

#.# #..####..#...##.##.#
#<# #..# ##.##.###.##.#
#.####..#####.##.# #.##.#
#.>...........##.# #.##.#
######..########.# #.##.#
#..# #.###.##.. #..#
#.##.....#
######..########.##..##..
#....)..@......^.##......
#.####.g####.#...........
#.# #.......>.####.##...
#.# #.<####)..# #......
#.# #..# #...# ####.#.
#.# #..# #...# #.#.
#.####..####...# #.#.
#..............#######.#.
######..#####........#.#.


You could see a gnoll.

Vanquished Creatures
  A gnoll (D:2)
  An adder (D:2)
  3 ball pythons
  4 bats
  4 endoplasms (D:1)
  2 giant cockroaches (D:2)
  4 goblins
  3 hobgoblins
  3 kobolds
  5 frilled lizards
  3 rats (D:2)
33 creatures vanquished.

Notes
Turn   | Place    | Note
-------+----------+-------------------------------------------
     0 | D:1      | FlurksSlurper the Demonspawn Gladiator began the quest for
                  | the Orb.
     0 | D:1      | Reached XP level 1. HP: 16/16 MP: 1/1
    13 | D:1      | You fall into a shaft and drop 1 floor!
   250 | D:2      | Gained mutation: You regenerate magic rapidly. [demonic
                  | ancestry]
   250 | D:2      | Reached XP level 2. HP: 22/22 MP: 2/2
   580 | D:1      | Reached XP level 3. HP: 25/27 MP: 3/3
   612 | D:1      | Found Dozaom's Antique Armour Boutique.
  1648 | D:2      | Slain by a gnoll

Illustrated notes

Levels and vault maps discovered:
D:1:      wander_arrival_chamber, layout_basic, serial_shops, shop
D:2:      layout_loops_ring, minmay_tetromino_i2
D:3:      layout_rooms, uniq_sigmund

Skill      XL: |  1  2 |
---------------+-------+-----
Dodging        | 3 |  3.3
Unarmed Combat | 3 |  3.4
Fighting       | |  2.1
Throwing       | |  1.9
Armour         | |  0.5

Action                     || total
---------------------------++-------
  Melee: Unarmed           ||   140
         Punch             ||     4
    Use: Scroll            ||     1
   Stab: Sleeping          ||     1
 Armour: Leather armour    ||    46
         Scale mail        ||     9
         Chain mail        ||    25
  Dodge: Dodged            ||   102

Table legend: (Time is in decaauts)
 A = Elapsed time spent in this place.
 B = Non-inter-level travel time spent in this place.
 C = Inter-level travel time spent in this place.
 D = Time resting spent in this place.
 E = Time spent auto-exploring this place.
 F = Levels seen in this place.
 G = Mean time per level.
                   A        B        C        D        E       F      G
               +--------+--------+--------+--------+--------+-----+--------+
         Total |   1639 |   1581 |     58 |     31 |    901 |   3 |  546.3 |
       Dungeon |   1639 |   1581 |     58 |     31 |    901 |   3 |  546.3 |
               +--------+--------+--------+--------+--------+-----+--------+

Top non-repeatable levels by time:
     D:2: 951 daAuts
     D:1: 650 daAuts
     D:3: 37 daAuts
